 Dungeon Crawl Stone Soup version 0.27-a0-1193-g8631133539 (webtiles) character file.

Game seed: 2370905153165528961

100691 Kold the Bludgeoner (level 15, -5/118 HPs)
             Began as a Demonspawn Delver on May 24, 2021.
             Was a High Priest of Okawaru.
             Succumbed to a green death's poison arrow
             ... on level 1 of the Elven Halls on May 25, 2021.
             The game lasted 01:17:32 (30676 turns).

Kold the Bludgeoner (Demonspawn Delver)            Turns: 30676, Time: 01:17:33

Health: -5/118     AC: 32    Str: 17    XL:     15   Next: 81%
Magic:  1/19       EV: 12    Int:  2    God:    Okawaru [*****.]
Gold:   3954       SH:  0    Dex: 20    Spells: 14/14 levels left

rFire    + + .     SeeInvis .   s - +6 great mace of a Labyrinth {vorpal, +Blink}
rCold    + + .     Faith    .   (shield currently unavailable)
rNeg     . . .     Spirit   +   F - +5 ring mail {rC+}
rPois    +         Reflect  .   u - +2 hat
rElec    +         Harm     .   x - +0 cloak
rCorr    +         Rampage  .   C - +3 pair of gloves of the Cobbler {rF++ rCorr Int-5}
Will     .....                  X - +2 pair of boots
Stlth    +++.......             j - amulet of guardian spirit
HPRegen  0.29/turn              Y - +4 ring of slaying
MPRegen  0.16/turn              c - ring "Xureq" {rElec rPois rC+ Will- Dex+5}

@: lethally poisoned (-5 -> -31), sanguine armoured, slowed, very slow
A: antennae 2, ignite blood 1, spiny 2, sanguine armour 2, [dopey 2], [low mp
1], [weak 1]
a: Renounce Religion, Evoke Blink, Heroism, Finesse


You were on level 1 of the Elven Halls.
You worshipped Okawaru.
Okawaru was extremely pleased with you.
You visited 5 branches of the dungeon, and saw 21 of its levels.
You visited the Abyss 1 time.
You also visited: Bailey and Gauntlet.

You collected 4667 gold pieces.
You spent 713 gold pieces at shops.

Inventory:

Hand Weapons
 s - the +6 great mace of a Labyrinth (weapon) {vorpal, +Blink}
   (Okawaru gifted it to you on level 9 of the Dungeon)

   It inflicts extra damage upon your enemies.
   It lets you blink.
Armour
 k - a +1 pair of gloves of dexterity
 m - the +0 ice dragon scales "Guumpol" {rF- rC++ Int-5 Dex+5}
   (Okawaru gifted it to you on level 2 of the Abyss)

   It affects your intelligence (-5).
   It affects your dexterity (+5).
   It makes you vulnerable to fire.
   It greatly protects you from cold.
 u - a +2 hat (worn)
 x - a +0 cloak (worn)
 C - the +3 pair of gloves of the Cobbler (worn) {rF++ rCorr Int-5}
   (You found it on level 5 of the Dungeon)

   It affects your intelligence (-5).
   It greatly protects you from fire.
   It protects you from acid and corrosion.
 F - a +5 ring mail of cold resistance (worn)
 K - a +0 buckler
 X - a +2 pair of boots (worn)
Jewellery
 c - the ring "Xureq" (right hand) {rElec rPois rC+ Will- Dex+5}
   (You acquired it on level 7 of the Dungeon)

   [ring of protection from cold]

   It affects your dexterity (+5).
   It protects you from cold.
   It insulates you from electricity.
   It protects you from poison.
   It decreases your willpower.
 j - an amulet of guardian spirit (around neck)
 p - a ring of fire
 q - a ring of willpower
 r - a +4 ring of protection
 t - a ring of flight
 w - a +6 ring of intelligence
 y - an amulet of magic regeneration
 A - a +4 ring of evasion
 M - a ring of protection from cold
 Y - a +4 ring of slaying (left hand)
 Z - a +4 ring of evasion
Wands
 g - a wand of digging (1)
 v - a wand of acid (5) (quivered)
 G - a wand of paralysis (13)
 J - a wand of iceblast (22)
 O - a wand of mindburst (19)
 W - a wand of polymorph (15)
Scrolls
 d - 2 scrolls of magic mapping
 f - 4 scrolls of enchant weapon
 i - 5 scrolls of fog
 l - a scroll of blinking
 o - 5 scrolls of amnesia
 N - 2 scrolls of silence
 T - 5 scrolls of identify
 V - 2 scrolls of brand weapon
Potions
 b - a potion of invisibility
 e - 2 potions of berserk rage
 n - 3 potions of haste
 z - 3 potions of flight
 D - 6 potions of curing
 H - 4 potions of magic
 I - 3 potions of resistance
 P - 2 potions of cancellation
 Q - a potion of mutation
 U - a potion of ambrosia
Miscellaneous
 R - a piece from Xom's chessboard (15/15)


   Skills:
 + Level 11.0 Fighting
 - Level 20.0 Maces & Flails
 + Level 9.7 Armour
 - Level 3.0 Dodging
 - Level 5.0 Stealth
 - Level 9.0 Invocations


You had 14 spell levels left.
You didn't know any spells.
Your spell library contained the following spells:

 Spells                   Type           Power      Damage    Failure   Level
 Animate Skeleton         Necr           0%         N/A       71%         1
 Apportation              Tloc           0%         N/A       71%         1
 Corona                   Hex            0%         N/A       71%         1
 Summon Small Mammal      Summ           0%         N/A       71%         1
 Ensorcelled Hibernation  Hex/Ice        0%         N/A       85%         2
 Confusing Touch          Hex            0%         N/A       97%         3
 Dazzling Flash           Conj/Hex       0%         N/A       97%         3
 Tukima's Dance           Hex            0%         N/A       97%         3
 Bolt of Magma            Conj/Fire/Erth 0%         4d4       100%        5
 Iskenderun's Battlesphe  Conj           0%         2d6       100%        5
 Summon Forest            Summ/Tloc      0%         N/A       100%        5
 Summon Mana Viper        Hex/Summ       0%         N/A       100%        5
 Iron Shot                Conj/Erth      0%         9d1       100%        6
 Shadow Creatures         Summ           N/A        N/A       100%        6
 Haunt                    Necr/Summ      0%         N/A       100%        7
 Malign Gateway           Summ/Tloc      0%         N/A       100%        7
 Monstrous Menagerie      Summ           0%         N/A       100%        7
 Orb of Destruction       Conj           0%         N/A       100%        7
 Spellforged Servitor     Conj/Summ      0%         N/A       100%        7
 Summon Hydra             Summ           0%         N/A       100%        7
 Summon Horrible Things   Summ           0%         N/A       100%        8


Dungeon Overview and Level Annotations

Branches:
Dungeon (11/15)            Temple (1/1) D:5            Lair (6/6) D:10
  Swamp (0/4) Lair:2        Snake (0/4) Lair:2        Slime (0/5) Lair:6
    Orc (2/2) D:10            Elf (1/3) Orc:2        Bailey (visited)
Gauntlet (visited)

Altars:
Ashenzari
Cheibriados
Dithmenos
Elyvilon
Fedhas
Gozag
Hepliaklqana
Kikubaaqudgha
Makhleb
Nemelex Xobeh
Okawaru
Qazlal
Ru
Sif Muna
Trog
Uskayaw
Vehumet
Wu Jian
Xom
Yredelemnul
Zin
The Shining One
Jiyva

Shops:
D:9 *   Orc:2 *?([


Innate Abilities, Weirdness & Mutations

You have a pair of antennae on your head.
Your demonic aura sometimes causes spilled blood to erupt in flames.
You are mostly covered in sharp spines.
When seriously injured, your bleeding wounds create thick armour. (AC +9)
[You are very dopey. (Int -4)]
[Your magical capacity is low. (-10% MP)]
[You are weak. (Str -2)]


Message History

* * * LOW HITPOINT WARNING * * *
You feel extremely sick.
The hellwing swoops through the air toward you!
The hellwing is struck by your spines. The hellwing hits you!
* * * LOW HITPOINT WARNING * * *
The hellwing hits you but does no damage.
The hell beast completely misses you. The hell beast tramples you!
* * * LOW HITPOINT WARNING * * *
You hold your ground!
The green death gestures at you. The poison arrow misses you.
The poison arrow hits the hellwing!
The hellwing partially resists.
The hellwing is poisoned.
The hellwing misses you.
The hellwing hits you but does no damage.
There is an open door, spattered with blood here.
You feel much better.
Your hearing returns.
You feel extremely sick.
The hell beast is struck by your spines.
The hell beast misses you. The hell beast closely misses you.
The green death gestures at you. The poison arrow hits you.
You are more poisoned.
You partially resist.
* * * LOW HITPOINT WARNING * * *
The hell beast is struck by your spines.
The hell beast bites you!
* * * LOW HITPOINT WARNING * * *
The hell beast closely misses you. The hellwing misses you.
The hellwing barely misses you.
The green death is struck by your spines.
The green death hits you!
* * * LOW HITPOINT WARNING * * *
The hell beast bites you but does no damage.
The hell beast tramples you but does no damage.
Blink to where?
Press: ? - help, Dir - move target
As you read the scroll of blinking, it crumbles to dust.
You feel like a meek peon again.
You die...

.# ##.....# #. .#
#......# #. .#
##.###### #. .# #..#
##. .# #.## ######..
+### #.# ##...#'#.
...## ###.# ##.....##.
....## ##...##
#.......#. .....#
#....@#######2......##
.....#
#.....'....4○2e.....'.
.....#
#.....########3§§..###
.....# #....'##
##.e)## .....#
#+####.## ##'#4##
....## ##.## #.##2##
...#+# ##.## #.###[{
#### .# ##.## #.# ###
# .# ##.## #.#


You could see a hellwing (summoned, very poisoned).

Vanquished Creatures
  Saint Roka (Orc:2)
  3 deep elf demonologists (Elf:1)
  A dire elephant (Lair:6)
  A minotaur (Gauntlet)
  A fire dragon (D:9)
  6 hydras
  Harold (D:7)
  A merfolk avatar (Lair:6)
  Erolcha (D:10)
  3 catoblepae
  A two-headed ogre (D:11)
  17 death yaks
  A dancing weapon (Elf:1)
  An orc high priest (Elf:1)
  A thrashing horror (Abyss:2)
  Nergalle (Orc:1)
  Sonja (D:10)
  A deep elf knight (Elf:1)
  A fire crab (Lair:6)
  A sixfirhy (Abyss:2)
  2 wretched stars (Abyss:2)
  2 sea snakes (Lair:6)
  2 large abominations (Abyss:2)
  2 bog bodies (Lair:2)
  3 deep elf archers (Elf:1)
  4 deep elf zephyrmancers (Elf:1)
  A harpy (Lair:6)
  2 orc knights (Orc:2)
  2 deep elf pyromancers (Elf:1)
  An orc sorcerer (Orc:2)
  A manticore (Lair:6)
  2 worldbinders (Abyss:2)
  A cyclops (D:11)
  A stone giant skeleton (Abyss:2)
  9 black mambas
  11 elephants
  2 gargoyles (Gauntlet)
  An orange demon (Abyss:2)
  2 torpor snails
  2 smoke demons (Abyss:2)
  11 rime drakes
  A yaktaur (shapeshifter) (Elf:1)
  Maggie (D:7)
  A kobold demonologist (D:10)
  12 cane toads
  An efreet (Abyss:2)
  15 komodo dragons
  A tormentor (Abyss:2)
  A demonic crawler (Abyss:2)
  2 trolls
  4 polar bears
  A queen bee (Gauntlet)
  4 hornets
  16 blink frogs
  10 dream sheep
  A meliai zombie (D:10)
  A vampire (D:11)
  20 flying skulls
  A shadow (D:11)
  9 wyverns
  A water elemental (Elf:1)
  An air elemental (Elf:1)
  A ynoxinul (Abyss:2)
  A fire elemental (Elf:1)
  A wraith (D:9)
  4 fire bats (Abyss:2)
  51 yaks
  A neqoxec (Abyss:2)
  3 basilisks
  Menkaure (D:7)
  4 wargs
  Edmund (D:6)
  Duvessa (D:6)
  2 nagas (Lair:2)
  18 water moccasins
  34 orc warriors
  A sky beast (D:7)
  2 ice beasts
  A black bear (D:5)
  10 ogres
  30 wolves
  21 centaurs
  2 phantoms
  A kobold brigand (D:10)
  12 bullfrogs
  A scorpion (D:4)
  4 gnoll sergeants
  An earth elemental (Elf:1)
  Dowan (D:6)
  A wyvern skeleton (D:7)
  A water moccasin skeleton (D:6)
  14 killer bees
  4 wights
  An electric eel (D:7)
  2 howler monkeys
  8 crimson imps (D:9)
  4 centaur zombies
  7 orc priests
  A hound (D:6)
  Crazy Yiuf (D:5)
  3 iron imps (D:8)
  5 iguanas
  8 orc wizards
  A killer bee zombie (D:8)
  17 gnolls
  A howler monkey skeleton (D:5)
  6 adders
  2 white imps
  4 ufetubi
  An adder skeleton (D:4)
  2 worms
  3 dart slugs
  71 orcs
  4 endoplasms
  5 giant cockroaches
  8 goblins
  12 hobgoblins
  A jackal (D:4)
  3 quokkas (D:4)
  9 ball pythons
  4 bats
  2 frilled lizards (D:1)
  10 kobolds
  4 rats
653 creatures vanquished.

Vanquished Creatures (collateral kills)
  A tentacled starspawn (Abyss:2)
  2 starspawn tentacles (Abyss:2)
3 creatures vanquished.

Vanquished Creatures (others)
  An orc high priest (Elf:1)
  A skeletal warrior (D:11)
  A large abomination (Abyss:2)
  2 small abominations (Abyss:2)
  3 orcs (Elf:1)
  A bush (Lair:6)
  39 fungi
  A lurking horror (Abyss:2)
  53 plants
  2 starspawn tentacles (Abyss:2)
  A withered plant (Gauntlet)
105 creatures vanquished.

Grand Total: 761 creatures vanquished

Notes
Turn   | Place    | Note
-------+----------+-------------------------------------------
     0 | D:5      | Kold the Demonspawn Delver began the quest for the Orb.
     0 | D:5      | Reached XP level 1. HP: 18/18 MP: 1/1
     0 | D:5      | Found a staircase to the Ecumenical Temple.
    19 | Temple   | Entered the Ecumenical Temple
   130 | Temple   | Became a worshipper of Warmaster Okawaru
   300 | D:4      | Noticed an iguana
   322 | D:4      | Reached skill level 2 in Maces & Flails
   322 | D:4      | Gained mutation: You have a pair of small antennae on your
                  | head. [demonic ancestry]
   322 | D:4      | Reached XP level 2. HP: 20/24 MP: 2/2
   379 | D:4      | Noticed a scorpion
   388 | D:4      | Killed a scorpion
   388 | D:4      | Reached * piety under Okawaru
   389 | D:4      | Reached XP level 3. HP: 17/29 MP: 1/3
   389 | D:4      | Reached XP level 4. HP: 20/35 MP: 1/4
   754 | D:3      | You fall into a shaft and drop 1 floor!
   848 | D:3      | Reached skill level 5 in Stealth
  1556 | D:4      | Gained mutation: When seriously injured, your bleeding
                  | wounds create armour. (AC +9) [demonic ancestry]
  1556 | D:4      | Reached XP level 5. HP: 24/42 MP: 2/5
  2014 | D:2      | Reached skill level 3 in Maces & Flails
  4389 | D:3      | Gained mutation: You have a pair of antennae on your head.
                  | [demonic ancestry]
  4389 | D:3      | Reached XP level 6. HP: 40/48 MP: 6/6
  4393 | D:3      | Reached skill level 4 in Maces & Flails
  4393 | D:3      | Reached skill level 1 in Armour
  4872 | D:4      | Identified 2 scrolls of acquirement
  6210 | D:5      | Reached ** piety under Okawaru
  6211 | D:5      | Reached skill level 5 in Maces & Flails
  6211 | D:5      | Reached skill level 1 in Invocations
  6211 | D:5      | Reached XP level 7. HP: 54/54 MP: 5/8
  6773 | D:5      | Reached skill level 6 in Maces & Flails
  6785 | D:5      | Identified the +3 pair of gloves of the Cobbler {rF++ rCorr
                  | Int-5}
  6977 | D:5      | Found a runed translucent door.
  6978 | D:5      | Noticed Crazy Yiuf
  7180 | D:5      | Killed Crazy Yiuf
  7566 | D:6      | Noticed Edmund
  7611 | D:6      | Killed Edmund
  7612 | D:6      | Reached skill level 7 in Maces & Flails
  7612 | D:6      | Gained mutation: You are partially covered in sharp spines.
                  | [demonic ancestry]
  7612 | D:6      | Reached XP level 8. HP: 47/60 MP: 6/10
  7616 | D:6      | Found a shimmering blue altar of Sif Muna.
  8103 | D:6      | Reached skill level 8 in Maces & Flails
  8283 | D:6      | Identified the +0 helmet of the Gate {Slay+3}
  8315 | D:6      | Noticed Duvessa
  8315 | D:6      | Noticed Dowan
  8324 | D:6      | Killed Duvessa
  8324 | D:6      | Reached *** piety under Okawaru
  8333 | D:6      | Killed Dowan
  8766 | D:7      | Reached skill level 9 in Maces & Flails
  8874 | D:7      | Noticed a hornet
  8908 | D:7      | Reached XP level 9. HP: 57/65 MP: 7/11
  8938 | D:7      | Noticed Maggie
  8958 | D:7      | Killed Maggie
  8958 | D:7      | Reached **** piety under Okawaru
  8959 | D:7      | Reached skill level 10 in Maces & Flails
  9344 | D:7      | Noticed Menkaure
  9553 | D:7      | Killed Menkaure
  9554 | D:7      | Reached skill level 11 in Maces & Flails
  9780 | D:7      | Noticed Harold
  9799 | D:7      | Killed Harold
  9990 | D:7      | Acquired 1131 gold pieces
  9991 | D:7      | Acquired the ring "Xureq" {rElec rPois rC+ Will- Dex+5}
  9992 | D:7      | Acquired 912 gold pieces
 10042 | D:8      | Reached skill level 12 in Maces & Flails
 10052 | D:8      | Reached XP level 10. HP: 64/70 MP: 10/12
 10326 | D:8      | Found a burning altar of Makhleb.
 10783 | D:9      | Found Mounwoy's Assorted Antiques.
 10791 | D:9      | Bought 2 potions of heal wounds for 290 gold pieces
 10791 | D:9      | Bought a scroll of teleportation for 87 gold pieces
 10857 | D:9      | Reached skill level 13 in Maces & Flails
 10862 | D:9      | Reached ***** piety under Okawaru
 11175 | D:9      | Identified the +6 great mace of a Labyrinth {vorpal,
                  | +Blink} (Okawaru gifted it to you on level 9 of the
                  | Dungeon)
 11175 | D:9      | Received a gift from Okawaru
 11574 | D:9      | Noticed a +0 dagger
 11574 | D:9      | Noticed a +0 dagger
 11575 | D:9      | Found a hide-covered altar of Uskayaw.
 11660 | D:10     | Entered Level 10 of the Dungeon
 11673 | D:10     | Found a flagged portal.
 11689 | Bailey   | Entered a bailey
 11691 | Bailey   | Noticed an orc knight
 12073 | D:10     | Noticed Sonja
 12080 | D:10     | Killed Sonja
 12081 | D:10     | Reached skill level 14 in Maces & Flails
 12081 | D:10     | Gained mutation: You are mostly covered in sharp spines.
                  | [demonic ancestry]
 12081 | D:10     | Reached XP level 11. HP: 68/77 MP: 11/14
 12156 | D:10     | Noticed a fire dragon
 12162 | D:10     | Noticed Erolcha
 12180 | D:9      | Killed a fire dragon
 12181 | D:9      | Reached skill level 5 in Invocations
 12304 | D:10     | Killed Erolcha
 12556 | D:10     | Found a sparkling altar of Nemelex Xobeh.
 12556 | D:10     | Found a radiant altar of Vehumet.
 12571 | D:10     | Found a staircase to the Orcish Mines.
 12946 | D:10     | Found a staircase to the Lair.
 13101 | D:10     | Identified the +9 dagger "Rummage" {vamp, rElec rPois
                  | rCorr} (Okawaru gifted it to you on level 10 of the
                  | Dungeon)
 13101 | D:10     | Received a gift from Okawaru
 13631 | Orc:1    | Entered Level 1 of the Orcish Mines
 13783 | Lair:1   | Entered Level 1 of the Lair of Beasts
 13988 | D:11     | Noticed a two-headed ogre
 13998 | D:11     | Killed a two-headed ogre
 14004 | D:11     | Reached skill level 15 in Maces & Flails
 14038 | D:11     | Killed a skeletal warrior
 14058 | D:11     | Noticed a skeletal warrior
 14189 | Lair:1   | Found a hide-covered altar of Uskayaw.
 14763 | Lair:1   | Gained mutation: When seriously injured, your bleeding
                  | wounds create thick armour. (AC +9) [demonic ancestry]
 14763 | Lair:1   | Reached XP level 12. HP: 83/83 MP: 16/18
 15506 | Lair:2   | Reached skill level 16 in Maces & Flails
 15551 | Lair:2   | Found a staircase to the Swamp.
 15702 | Lair:2   | Noticed a five-headed hydra
 15710 | Lair:2   | Killed a five-headed hydra
 15743 | Lair:2   | Received a gift from Okawaru
 15958 | Lair:2   | Found a staircase to the Snake Pit.
 16488 | Lair:2   | Reached skill level 17 in Maces & Flails
 16605 | Lair:3   | Identified the +1 scale mail of Suq Raamn {Fly rF+ rN+
                  | Str-4}
 16634 | Lair:3   | Noticed a seven-headed hydra
 16639 | Lair:3   | Noticed a death yak
 16640 | Lair:3   | Noticed a death yak
 16640 | Lair:3   | Noticed a death yak
 16645 | Lair:3   | Noticed a death yak
 16655 | Lair:3   | Killed a death yak
 16684 | Lair:3   | Killed a seven-headed hydra
 16691 | Lair:3   | Noticed a death yak
 16691 | Lair:3   | Noticed a death yak
 16706 | Lair:3   | Killed a death yak
 16710 | Lair:3   | Killed a death yak
 16939 | Lair:3   | Reached XP level 13. HP: 69/88 MP: 14/19
 17238 | Lair:3   | Reached skill level 18 in Maces & Flails
 18033 | Lair:3   | Reached ****** piety under Okawaru
 18037 | Lair:3   | Received a gift from Okawaru
 18213 | Lair:3   | Identified the +8 rapier "Venir" {vorpal, rElec rC+ Str+4
                  | Int+2} (Okawaru gifted it to you on level 3 of the Lair of
                  | Beasts)
 18213 | Lair:3   | Received a gift from Okawaru
 18579 | Lair:4   | Found a gate leading to a gauntlet.
 18587 | Gauntlet | Entered a Gauntlet
 18587 | Gauntlet | Found a transporter.
 18587 | Gauntlet | Found a transporter.
 18588 | Gauntlet | Found a transporter.
 18588 | Gauntlet | Found a transporter.
 18591 | Gauntlet | Found a transporter.
 18591 | Gauntlet | Found a transporter.
 18601 | Gauntlet | Found a transporter.
 18605 | Gauntlet | Found a transporter.
 18606 | Gauntlet | Found a transporter.
 18615 | Gauntlet | Found a transporter.
 18719 | Gauntlet | Found a transporter.
 18731 | Gauntlet | Found a transporter.
 18860 | Gauntlet | Reached skill level 19 in Maces & Flails
 19320 | Gauntlet | Noticed a minotaur
 19340 | Gauntlet | Killed a minotaur
 19459 | Gauntlet | Identified the +0 chain mail of Sagoger {Will+ Int+2}
 19895 | Lair:4   | Received a gift from Okawaru
 19916 | Lair:4   | Reached XP level 14. HP: 92/95 MP: 16/20
 20143 | Lair:4   | Received a gift from Okawaru
 21105 | Lair:5   | Reached skill level 20 in Maces & Flails
 21915 | Lair:5   | Identified the +5 dagger of the Warrior-Mage {venom, rPois
                  | rC+ Dex+4}
 21954 | Lair:6   | Entered Level 6 of the Lair of Beasts
 21992 | Lair:6   | Reached skill level 5 in Fighting
 22400 | Lair:6   | Identified the +1 ring mail of Gallantry {Contam rPois
                  | rN+++ Stlth+} (Okawaru gifted it to you on level 6 of the
                  | Lair of Beasts)
 22400 | Lair:6   | Received a gift from Okawaru
 22820 | Lair:6   | Reached skill level 5 in Armour
 23770 | Lair:6   | Found a viscous altar of Jiyva.
 23770 | Lair:6   | Found a staircase to the Slime Pits.
 24158 | Lair:6   | Upgraded the game from 0.27-a0-1191-g601b473118 to
                  | 0.27-a0-1193-g8631133539
 24189 | Lair:6   | Gained mutation: Your demonic aura sometimes causes spilled
                  | blood to erupt in flames. [demonic ancestry]
 24189 | Lair:6   | Reached XP level 15. HP: 110/110 MP: 21/21
 24333 | Lair:6   | Received a gift from Okawaru
 24832 | Orc:1    | Noticed Nergalle
 24844 | Orc:1    | Killed Nergalle
 25478 | Orc:2    | Entered Level 2 of the Orcish Mines
 25684 | Orc:2    | Noticed Saint Roka
 26589 | Orc:2    | Killed Saint Roka
 27929 | Orc:2    | Found a staircase to the Elven Halls.
 28228 | Orc:2    | Found Opputetz's Antique Weapon Emporium.
 28228 | Orc:2    | Found Wylihiami's Magic Scroll Boutique.
 28230 | Orc:2    | Found Huacir's General Store.
 28232 | Orc:2    | Found Ihudoaf's Armour Shoppe.
 28241 | Orc:2    | Bought a scroll of enchant armour for 90 gold pieces
 28241 | Orc:2    | Bought a scroll of enchant armour for 90 gold pieces
 28251 | Orc:2    | Bought a potion of invisibility for 96 gold pieces
 28251 | Orc:2    | Bought a potion of heal wounds for 60 gold pieces
 28294 | Elf:1    | Entered Level 1 of the Elven Halls
 29464 | Elf:1    | Reached skill level 10 in Fighting
 29760 | Elf:1    | Cast into level 2 of the Abyss (a deep elf demonologist)
 29792 | Abyss:2  | Found a corrupted altar of Lugonu.
 30484 | Abyss:2  | Found a corrupted altar of Lugonu.
 30485 | Abyss:2  | Found a corrupted altar of Lugonu.
 30555 | Abyss:2  | Identified the +0 ice dragon scales "Guumpol" {rF- rC++
                  | Int-5 Dex+5} (Okawaru gifted it to you on level 2 of the
                  | Abyss)
 30555 | Abyss:2  | Received a gift from Okawaru
 30632 | Abyss:2  | Noticed a tentacled starspawn
 30649 | Abyss:2  | Killed a tentacled starspawn
 30654 | Elf:1    | Escaped the Abyss
 30674 | Elf:1    | HP: 5/118 [hell beast[a deep elf demonologist] (9)]
 30675 | Elf:1    | HP: 2/118 [green death[a deep elf demonologist] (13)]
 30676 | Elf:1    | Succumbed to a green death's poison arrow

Illustrated notes

Levels and vault maps discovered:
D:1:      matt_arrival_los_fun, layout_basic, serial_forest,
          infiniplex_forest_lined_2, infiniplex_forest_clump_diagonal,
          infiniplex_forest_end_1, infiniplex_forest_clump_tiny,
          infiniplex_forest_pool, infiniplex_forest_lined_3,
          infiniplex_forest_pool, minmay_small_reverse_x
D:2:      layout_basic
D:3:      layout_basic
D:4:      layout_basic, minmay_joined_circles
D:5:      layout_basic, nicolae_elyvilon_temple_path,
          minmay_temple_entry_large_hall, uniq_crazy_yiuf_cottage
D:6:      layout_layer_cave, lemuel_crystal_altar, uniq_edmund, uniq_duvessa
D:7:      layout_basic, nicolae_lava_and_water, uniq_menkaure, uniq_harold,
          uniq_maggie
D:8:      layout_basic, demons_altar
D:9:      layout_gridville, dancing_weapons_uskayaw, serial_shops,
          nicolae_shop_waterfront, minmay_strange_pillars, minmay_nine_imps
D:10:     layout_layer_cave, gammafunk_temple_overflow_wave,
          minmay_lair_entry_grove, orc_0_dummy, enter_bailey_2, uniq_erolcha,
          uniq_sonja
D:11:     layout_roguey [special_room_bee], lemuel_flame_loot_1, uniq_snorg
Temple:   regret_index_temple_sphere_string
Lair:1:   layout_roguey, lemuel_centaur_altar
Lair:2:   layout_gridlike, skrybe_swamp_entry_bodies,
          minmay_snake_entry_guardpost_small, lemuel_fruit_fields
Lair:3:   layout_roguey, chequers_serial_rivers_micro_b, st_stairs_5,
          minmay_shattered_shrine, grunt_megastairs_2, lemuel_fruit_tree,
          infiniplex_staircase_pool, serial_bayou_shore_b
Lair:4:   layout_gridlike, gauntlet_entry_generic, lemuel_fruit_fields
Lair:5:   layout_long_grid
Lair:6:   gammafunk_lair_ancient_temple, layout_gridlike,
          dpeg_slime_entry_enclosed_altar
Orc:1:    layout_caves, nicolae_orc_bridge_out, uniq_nergalle
Orc:2:    st_orc_rangers, layout_caves, mines_bat_river, uniq_saint_roka
Elf:1:    minmay_elf_arrival_plus, layout_geoelf_grid, orc_legates,
          billiards_dpeg

Skill      XL: |  1  2  3  4  5  6  7  8  9 10 11 12 13 14 15 |
---------------+----------------------------------------------+-----
Maces & Flails | 2 3 5 7 9 12 14 15 17 19 20 | 20.0
Dodging        | 2 3 |  3.0
Stealth        | 5 |  5.0
Fighting       | 4 8 11 | 11.0
Armour         | 2 6 9 |  9.7
Invocations    | 1 3 4 9 |  9.0

Action                   |  1- 3 |  4- 6 |  7- 9 | 10-12 | 13-15 || total
-------------------------+-------+-------+-------+-------+-------++-------
Melee: Mace              |    22 |   437 |   106 |       |       ||   565
       Punch             |       |       |     1 |       |       ||     1
       Dire flail        |       |       |   173 |   163 |       ||   336
       Great mace        |       |       |       |   273 |   829 ||  1102
Throw: Dart              |       |     3 |       |       |       ||     3
Invok: Heroism           |       |     1 |    15 |    35 |    49 ||   100
       Finesse           |       |       |       |     1 |     8 ||     9
Evoke: Wand              |     8 |       |    10 |    31 |    12 ||    61
       Piece from Xom's  |       |       |       |       |     1 ||     1
  Use: Scroll            |     1 |     5 |    12 |     4 |    15 ||    37
       Potion            |       |     6 |       |     2 |     8 ||    16
 Stab: Sleeping          |       |    11 |     4 |     8 |     9 ||    32
       Invisible         |       |     1 |       |       |       ||     1
       Distracted        |       |       |       |     2 |     2 ||     4
       Paralysed         |       |       |       |     1 |       ||     1
       Petrifying        |       |       |       |       |     3 ||     3
Armor: Leather armour    |     8 |    56 |       |       |       ||    64
       Scale mail        |       |   186 |    27 |       |       ||   213
       Skin              |       |    15 |       |       |       ||    15
       Ring mail         |       |       |    65 |   151 |   408 ||   624
Dodge: Dodged            |    18 |   274 |   163 |   396 |   679 ||  1530

Table legend: (Time is in decaauts)
 A = Elapsed time spent in this place.
 B = Non-inter-level travel time spent in this place.
 C = Inter-level travel time spent in this place.
 D = Time resting spent in this place.
 E = Time spent auto-exploring this place.
 F = Levels seen in this place.
 G = Mean time per level.
                   A        B        C        D        E       F      G
               +--------+--------+--------+--------+--------+-----+--------+
         Total |  30494 |  29045 |   1449 |   8662 |  14733 |  24 | 1270.6 |
       Dungeon |  13906 |  13143 |    763 |   2886 |   7634 |  11 | 1264.2 |
        Temple |    140 |    110 |     30 |      0 |    109 |   1 |  140.0 |
          Lair |   9558 |   9082 |    476 |   2456 |   4910 |   6 | 1593.0 |
  Orcish Mines |   3581 |   3402 |    179 |   1827 |   1080 |   2 | 1790.5 |
   Elven Halls |   1507 |   1507 |      0 |    642 |    433 |   1 | 1507.0 |
         Abyss |    860 |    860 |      0 |    693 |      1 |   1 |  860.0 |
        Bailey |     15 |     15 |      0 |      0 |      0 |   1 |   15.0 |
      Gauntlet |    921 |    921 |      0 |    157 |    565 |   1 |  921.0 |
               +--------+--------+--------+--------+--------+-----+--------+

Top non-repeatable levels by time:
   Orc:1: 2240 daAuts
     D:4: 2220 daAuts
  Lair:6: 2173 daAuts
    D:10: 2096 daAuts
  Lair:3: 1976 daAuts
     D:3: 1747 daAuts
   Elf:1: 1507 daAuts
  Lair:5: 1461 daAuts
     D:6: 1407 daAuts
  Lair:4: 1366 daAuts
  Lair:1: 1359 daAuts
   Orc:2: 1341 daAuts
     D:7: 1290 daAuts
  Lair:2: 1221 daAuts
     D:5: 1212 daAuts
